 Dungeon Crawl Stone Soup version 0.17.1-2-g5865329 (webtiles) character file.

2069 ololoev the Cleaver (level 9, 35/63 HPs)
             Began as a Demonspawn Fighter on Feb 12, 2016.
             Was a Follower of Makhleb.
             Quit the game on level 9 of the Dungeon.
             The game lasted 00:14:26 (2033 turns).

ololoev the Cleaver (Demonspawn Fighter)            Turns: 2033, Time: 00:14:27

Health: 35/63      AC: 19    Str: 25      XL:     9   Next: 5%
Magic:  12/12      EV:  8    Int: 15      God:    Makhleb [*.....]
Gold:   97         SH:  0    Dex:  9 (12) Spells: 0 memorised, 8 levels left

rFire  . . .     SeeInvis .     a - +0 war axe
rCold  . . .     Clarity  .     q - +0 chain mail
rNeg   . . .     SustAt   .     (no shield)
rPois  .         Gourm    .     k - +0 helmet
rElec  .         Spirit   .     (no cloak)
rCorr  .         Warding  .     (no gloves)
rMut   .         Stasis   .     x - +1 pair of boots
MR     .....                    t - amulet of regeneration
Stlth  ..........               (no ring)
                                m - ring of wizardry

@: mighty, brilliant, not resistant to hostile enchantments, extremely
unstealthy
A: claws 2, iridescent scales 2, demonic guardian 1, rot immunity
a: Renounce Religion


Innate Abilities, Weirdness & Mutations

You have very sharp fingernails.
You are mostly covered in iridescent scales (AC +6).
A weak demonic guardian rushes to your aid.
You are immune to rotting.

Inventory:

Hand Weapons
 a - a +0 war axe (weapon)
Missiles
 o - 3 curare-tipped needles
Armour
 k - a +0 helmet (worn)
 q - a +0 chain mail (worn)
 x - a +1 pair of boots (worn)
Jewellery
 m - a ring of wizardry (left claw)
 t - an amulet of regeneration (around neck)
Wands
 d - a wand of digging (5)
 D - a wand of slowing (13)
Scrolls
 c - a scroll of magic mapping {unknown}
 g - 5 scrolls of identify {unknown}
 h - a scroll of fog {unknown}
 j - 3 scrolls of remove curse {unknown}
 n - a scroll of blinking {unknown}
 p - a scroll of recharging {unknown}
 r - 2 scrolls of amnesia {unknown}
 s - 2 scrolls of teleportation {unknown}
 u - 2 scrolls of enchant armour {unknown}
 y - a scroll of immolation {unknown}
 B - a scroll of noise {unknown}
Potions
 z - a potion of degeneration
Comestibles
 b - 4 meat rations
 e - 2 bread rations
 f - 3 chunks of flesh
 i - a beef jerky
 v - a slice of pizza


   Skills:
 - Level 3.0 Fighting
 * Level 8.7 Axes
 + Level 6.4 Armour
   Level 2.6 Shields
 + Level 4.9 Invocations


You had 8 spell levels left.
You didn't know any spells.


You were on level 9 of the Dungeon.
You worshipped Makhleb.
Makhleb was aware of your devotion.
You were not hungry.

You visited 1 branch of the dungeon, and saw 9 of its levels.

You collected 256 gold pieces.
You spent 159 gold pieces at shops.

######### ##....##
#.......# #....... #..
....# #....... #.# #..#
#....... #.#
#..#####.)(# ##.##
#.....##.).##
######...###.........<.#
#......_5..............#
#..###.)@####..........#
# ##.## ###..####### #.#
#..# #.# .....# ..#
#.....# ... ......# .###
..## #

Notes
Turn   | Place    | Note
--------------------------------------------------------------
     0 | D:1      | ololoev the Demonspawn Fighter began the quest for the Orb.
     0 | D:1      | Reached XP level 1. HP: 18/18 MP: 1/1
    65 | D:2      | Noticed Robin
    72 | D:2      | Gained mutation: You are partially covered in iridescent scales (AC +4). [demonic ancestry]
    72 | D:2      | Reached XP level 2. HP: 17/24 MP: 2/2
    80 | D:2      | Killed Robin
   175 | D:3      | Found a glowing silver altar of Zin.
   190 | D:3      | Noticed Ijyb
   210 | D:3      | Killed Ijyb
   210 | D:3      | Gained mutation: You have sharp fingernails. [demonic ancestry]
   210 | D:3      | Reached XP level 3. HP: 25/29 MP: 3/3
   237 | D:3      | Reached XP level 4. HP: 27/35 MP: 4/4
   321 | D:3      | Reached skill level 4 in Axes
   329 | D:3      | Reached XP level 5. HP: 35/41 MP: 5/5
   373 | D:2      | Found a shadowy altar of Dithmenos.
   441 | D:4      | Found a sparkling altar of Nemelex Xobeh.
   476 | D:4      | Found a sacrificial altar of Ru.
   800 | D:4      | Noticed Edmund
   814 | D:4      | Killed Edmund
   814 | D:4      | Reached skill level 5 in Axes
   814 | D:4      | Gained mutation: You have very sharp fingernails. [demonic ancestry]
   814 | D:4      | Reached XP level 6. HP: 44/47 MP: 6/6
   829 | D:5      | Entered Level 5 of the Dungeon
   864 | D:5      | Found a stormy altar of Qazlal.
  1001 | D:4      | Noticed an ogre
  1006 | D:4      | Killed an ogre
  1065 | D:4      | Noticed Britaniac's ghost (amateur MiGl)
  1084 | D:4      | Killed Britaniac's ghost
  1084 | D:4      | Reached skill level 6 in Axes
  1084 | D:4      | Gained mutation: You are immune to rotting. [demonic ancestry]
  1084 | D:4      | Reached XP level 7. HP: 52/52 MP: 7/7
  1242 | D:5      | Found a shattered altar of Ashenzari.
  1282 | D:5      | Reached skill level 5 in Armour
  1437 | D:6      | Reached skill level 7 in Axes
  1491 | D:6      | Found Juseadwu's Assorted Antiques.
  1497 | D:6      | Bought a pair of embroidered boots for 130 gold pieces
  1497 | D:6      | Bought a scroll labeled LUZIJEHO PUGG for 29 gold pieces
  1568 | D:6      | Found a burning altar of Makhleb.
  1575 | D:6      | Became a worshipper of Makhleb the Destroyer
  1632 | D:6      | Found a white marble altar of Elyvilon.
  1699 | D:7      | Reached skill level 1 in Invocations
  1704 | D:7      | Gained mutation: You are mostly covered in iridescent scales (AC +6). [demonic ancestry]
  1704 | D:7      | Reached XP level 8. HP: 43/58 MP: 8/8
  1876 | D:8      | Reached skill level 8 in Axes
  1974 | D:9      | Reached * piety under Makhleb
  2007 | D:9      | Found a shimmering altar of Xom.
  2028 | D:9      | Gained mutation: A weak demonic guardian rushes to your aid. [demonic ancestry]
  2028 | D:9      | Reached XP level 9. HP: 32/63 MP: 12/12
  2033 | D:9      | Quit the game

Dungeon Overview and Level Annotations

Branches:
Dungeon (9/15)
 Temple: D:4-7         Lair: D:8-11         Orc: D:9-12

Altars:
Ashenzari
Dithmenos
Elyvilon
Makhleb
Nemelex Xobeh
Qazlal
Ru
Xom
Zin

Shops:
D:6 *


Message History

The giant frog hits you but does no damage.
The deep elf mage barely misses you. The ice beast barely misses you.
The giant frog closely misses you.
Unknown command.
You slash the deep elf mage!
The deep elf mage is heavily wounded.
You barely miss the giant frog.
The giant frog is heavily wounded.
You closely miss the ice beast.
The deep elf mage points at you and mumbles some strange words.
The shard of ice misses you. The giant frog closely misses you.
The ice beast hits you but does no damage.
Drink which item? (? for menu, Esc to quit)
You feel very mighty all of a sudden. The giant frog hits you.
The deep elf mage points at you and mumbles some strange words.
You are frozen.
The ice beast hits you but does no damage.
The giant frog hits you but does no damage.
You slash the deep elf mage!
You kill the deep elf mage!
Makhleb accepts your kill.
You have reached level 9!
Your experience leads to an increase in your attributes!
Your base attributes are Str 19, Int 10, Dex 12.
Increase (S)trength, (I)ntelligence, or (D)exterity?
You feel stronger.
Your demonic ancestry asserts itself...
You feel the presence of a demonic guardian.
You closely miss the giant frog.
The giant frog is heavily wounded.
You closely miss the ice beast.
The ice beast disappears in a puff of smoke!
The giant frog barely misses you.
You slice the giant frog!!
You kill the giant frog!
Makhleb accepts your kill.
You see here a giant frog corpse.
You butcher the giant frog corpse.
f - 3 chunks of flesh (gained 2) Are you sure you want to abandon this character and quit the game? (Confirm with "yes".)

You could see a friendly ufetubus.

Vanquished Creatures
  A deep elf mage (D:9)
  The ghost of Britaniac the Cruncher, an amateur MiGl of Okawaru (D:4)
  Edmund (D:4)
  2 ice beasts
  4 ogres
  2 centaurs
  4 giant frogs
  A big kobold (D:9)
  A scorpion (D:8)
  2 crimson imps
  2 hounds
  A quasit (D:8)
  A jelly (D:5)
  A centaur zombie (D:7)
  A giant frog zombie (D:5)
  Ijyb (D:3)
  A giant frog skeleton (D:4)
  5 orc wizards
  2 worker ants
  A hound skeleton (D:4)
  Robin (D:2)
  4 adders
  A shadow imp (D:5)
  A worm (D:4)
  11 orcs
  A ball python (D:4)
  2 giant cockroaches
  9 goblins (D:2)
  3 hobgoblins (D:2)
  9 jackals
  6 kobolds
  2 quokkas
  5 bats
  2 giant geckos (D:4)
  2 giant newts (D:3)
  A jackal skeleton (D:4)
  A jackal zombie (D:5)
  A rat (D:1)
97 creatures vanquished.

Action                   |  1- 3 |  4- 6 |  7- 9 || total
-------------------------+-------+-------+-------++-------
Melee: War axe           |    49 |   168 |   185 ||   402
  Use: Potion            |     1 |     5 |     6 ||    12
 Stab: Invisible         |       |       |    10 ||    10
  Eat: Chunk             |       |     1 |     5 ||     6

Vault maps used:
D:1:      scummos_arrival_hexagon
D:2:      marbit_many_paths, old_standard_altar,
          nicolae_dithmenos_shadow_blocks, first_bread, minivault_19,
          serial_bayou_pond_d, uniq_robin
D:3:      zin_statuary, grunt_ministairs_6, uniq_iyjb
D:4:      kennysheep_big_flooded_room, nicolae_ru_sacrificial_ziggurat,
          kennysheep_mini, roderic_roman_lattice, uniq_edmund
D:5:      grunt_qazlal_sundering, ashenzari_conservatory_becter,
          uniq_crazy_yiuf_cottage
D:6:      old_standard_altar, elyvilon_altar_1, serial_shops,
          nicolae_shop_statue_plus, nicolae_shop_behind_doors, shop
D:7:      minmay_temple_entry_glassed_door
D:8:      grunt_pizzeria
D:9:      kennysheep_housing_project, nicolae_overflow_crystal_walls,
          tso_oasis_becter
